Map: Oxide LE

Players

Erik

  • Race: Zerg Zerg
  • League: Master

Kelazhur - Winner!

  • Race: Terran Terran

Event: DreamHack SC2 Masters 2021 Summer

VOD

Have the link to the VOD?

Description

Time

  • Played on: May 30, 2021, 5:07 p.m.
  • Length: 12:06

All games in this series

Show
View Real Time Build Order
Export as new Build Order

Erik Zerg 

Build Orders: Hatch First 

Get SALT Encoding   

  12  0:00  Drone  
  13  0:13  Overlord  
  13  0:17  Drone  
  14  0:31  Drone x2  
  16  0:47  Hatchery  
  15  0:51  Drone  
  15  0:54  Drone  
  17  0:57  Drone  
  18  1:09  Extractor  
  17  1:13  Spawning Pool  
  17  1:15  Drone  
  17  1:19  Drone  
  18  1:28  Drone  
  19  1:39  Drone  
  20  1:50  Drone  
  21  2:00  Queen x2  
  26  2:01  Zergling x4  
  27  2:15  Drone  
  28  2:18  Hatchery  
  27  2:27  Overlord  
  27  2:29  Drone  
  27  2:44  Overlord  
  27  2:45  Metabolic Boost  
  27  2:49  Drone x4  
  31  3:00  Queen  
  31  3:04  Drone x3  
  36  3:11  Drone x2  
  36  3:12  Overlord  
  38  3:14  Zergling x2  
  39  3:25  Drone x2  
  41  3:28  Drone  
  41  3:33  Roach Warren  
  41  3:36  Queen  
  41  3:37  Overlord  
  41  3:41  Queen  
  45  3:42  Drone  
  45  3:46  Drone  
  45  3:47  Drone x2  
  49  3:54  Zergling x6  
  52  3:57  Overlord  
  52  3:58  Drone  
  53  4:04  Drone  
  53  4:05  Drone  
  53  4:08  Drone x2  
  57  4:11  Extractor  
  57  4:13  Extractor, Queen  
  57  4:17  Overlord  
  55  4:27  Roach x5  
  65  4:35  Roach  
  65  4:36  Roach x2  
  71  4:46  Overlord x2  
  71  4:50  Overlord x2  
  71  4:57  Roach  
  73  5:00  Overlord x2  
  73  5:04  Overlord  
  73  5:05  Zergling x2  
  73  5:06  Zergling x2  
  77  5:14  Ravager x2  
  77  5:15  Zergling x2  
  77  5:16  Zergling x8  
  82  5:23  Ravager x2  
  82  5:24  Zergling x2  
  82  5:25  Zergling x6  
  88  5:34  Zergling x10  
  93  5:36  Ravager x2  
  93  5:41  Zergling x6  
  91  6:02  Ravager  
  84  6:07  Roach  
  84  6:08  Roach x8  
  98  6:12  Drone  
  98  6:13  Drone x3  
  102  6:24  Drone x4  
  102  6:25  Drone x2  
  103  6:34  Drone x4  
  103  6:36  Lair  
  103  6:38  Extractor  
  106  6:40  Extractor  
  106  6:43  Extractor  
  106  6:46  Drone x3  
  107  6:49  Drone  
  106  6:54  Drone  
  106  6:58  Queen  
  106  6:59  Queen  
  111  7:04  Drone x3  
  111  7:05  Evolution Chamber x2  
  112  7:11  Drone x5  
  112  7:12  Drone  
  112  7:15  Drone x2  
  120  7:18  Ravager x5  
  120  7:19  Ravager  
  126  7:26  Overlord  
  126  7:27  Overlord x2  
  101  7:40  Roach  
  101  7:41  Roach x6  
  111  7:45  Glial Reconstitution  
  111  7:56  Zerg Missile Weapons Level 1, Zerg Ground Armor Level 1  
  111  8:00  Drone x2  
  111  8:01  Drone  
  114  8:07  Hatchery  
  114  8:09  Roach x2  
  114  8:10  Roach x3  
  123  8:17  Ravager  
  123  8:18  Roach x4  
  123  8:19  Roach  
  134  8:23  Spore Crawler  
  133  8:27  Spore Crawler  
  130  8:35  Roach  
  130  8:36  Roach x3  
  130  8:37  Overlord x3  
  138  8:52  Overlord x3  
  138  8:57  Roach x7  
  138  9:02  Ravager x4  
  156  9:07  Zergling x10  
  156  9:08  Zergling x2  
  162  9:10  Zergling x2  
  162  9:14  Zergling x6  
  166  9:23  Zergling x2  
  166  9:24  Zergling x4  
  169  9:29  Infestation Pit  
  168  9:36  Roach x7  
  168  9:37  Roach  
  165  9:49  Roach x3  
  165  9:50  Roach x2  
  174  9:56  Extractor  
  174  9:57  Extractor  
  135  10:11  Roach x8  
  127  10:20  Roach  
  127  10:21  Roach x4  
  114  10:24  Roach  
  111  10:34  Pathogen Glands  
  102  10:41  Roach x6  
  116  10:43  Roach  
  112  11:05  Infestor x4  
  112  11:09  Ravager  
  112  11:10  Ravager x2  
  124  11:11  Zergling x20  
  124  11:18  Ravager x3  
  126  11:29  Roach x6  
  126  11:30  Roach  
  131  11:39  Roach  
  139  11:40  Roach x3  
Show
View Real Time Build Order
Export as new Build Order

Kelazhur Terran - Winner!

Build Orders: Reaper Expand, Hellion Banshee 

Get SALT Encoding   

  12  0:00  SCV  
  13  0:12  SCV  
  14  0:16  Supply Depot  
  14  0:24  SCV  
  15  0:38  SCV  
  15  0:39  Barracks  
  16  0:43  Refinery  
  16  0:50  SCV  
  17  1:02  SCV  
  18  1:14  SCV  
  19  1:26  Reaper, Orbital Command  
  20  1:37  Command Center  
  20  1:46  Supply Depot  
  20  1:52  SCV  
  21  1:58  Marine  
  22  2:04  Factory  
  22  2:07  SCV  
  23  2:19  SCV  
  23  2:21  Barracks Reactor  
  24  2:31  SCV  
  25  2:40  Command Center  
  25  2:43  SCV  
  26  2:51  Orbital Command  
  26  2:55  SCV  
  27  2:59  Starport  
  27  3:05  Hellion  
  29  3:07  SCV  
  29  3:11  Hellion  
  32  3:14  Barracks Tech Lab  
  32  3:16  SCV  
  32  3:19  SCV  
  34  3:28  SCV, Refinery  
  34  3:31  Hellion  
  34  3:32  Hellion  
  34  3:33  SCV  
  40  3:40  SCV  
  41  3:45  Banshee  
  41  3:46  SCV  
  45  3:52  SCV  
  45  3:53  Barracks Tech Lab  
  45  3:55  Orbital Command  
  46  3:58  SCV, Hellion  
  46  4:00  Hellion  
  51  4:04  SCV  
  51  4:07  Supply Depot  
  52  4:10  SCV  
  52  4:17  SCV  
  54  4:20  SCV  
  54  4:21  Stimpack, Marine  
  54  4:22  SCV  
  57  4:29  SCV  
  58  4:31  Barracks x2  
  58  4:32  SCV  
  58  4:33  Factory Reactor  
  58  4:36  SCV  
  60  4:41  SCV  
  60  4:42  Supply Depot  
  60  4:44  SCV  
  62  4:48  SCV, Marine, Engineering Bay x2  
  64  4:54  Refinery  
  64  4:55  SCV  
  64  4:56  SCV, Refinery  
  66  5:00  SCV, Starport Reactor  
  66  5:01  Bunker  
  66  5:06  Marine  
  69  5:07  SCV  
  69  5:10  SCV  
  69  5:12  SCV  
  71  5:17  Siege Tank  
  71  5:19  SCV  
  75  5:23  Marine x2  
  75  5:27  Barracks  
  77  5:29  Barracks  
  77  5:32  Supply Depot x2  
  77  5:34  Bunker  
  77  5:39  Terran Infantry Weapons Level 1, Marine x3, SCV  
  77  5:40  Bunker  
  77  5:41  Terran Infantry Armor Level 1  
  81  5:43  Marine  
  81  5:44  Marine  
  83  5:56  Siege Tank  
  83  5:57  Marine x3  
  82  6:00  SCV  
  82  6:01  Marine  
  85  6:04  Marine  
  82  6:14  Marine x2  
  82  6:15  Marine  
  85  6:19  Marine, Medivac  
  87  6:33  Marine x2  
  87  6:34  Medivac  
  87  6:35  Barracks Reactor x2  
  87  6:37  SCV x2  
  87  6:38  Armory  
  93  6:48  Supply Depot  
  93  6:49  Supply Depot  
  93  6:52  Orbital Command  
  93  7:00  Supply Depot  
  93  7:01  Combat Shield  
  93  7:02  Supply Depot  
  93  7:03  Supply Depot  
  93  7:09  SCV x2, Marine x3, Bunker, Siege Tank  
  93  7:10  Marine  
  93  7:14  Medivac  
  93  7:15  Marine x3  
  104  7:21  SCV x2  
  104  7:22  SCV  
  110  7:33  SCV x2  
  110  7:37  Marine x6  
  98  7:39  SCV  
  98  7:41  Siege Tank  
  100  7:46  SCV x2  
  100  7:48  Refinery, Factory  
  100  7:50  Marine  
  102  7:53  Terran Infantry Weapons Level 2  
  102  7:55  Marine  
  102  7:56  Marine x2  
  105  8:00  Terran Infantry Armor Level 2  
  105  8:02  Marine x2  
  105  8:03  Marine  
  105  8:05  Marine x2, Refinery  
  108  8:08  Marine  
  111  8:13  Marine, Siege Tank  
  111  8:14  Marine  
  118  8:21  Marine x4  
  118  8:22  Supply Depot  
  118  8:23  Marine  
  118  8:24  Medivac x2  
  125  8:27  Terran Vehicle Weapons Level 1, Supply Depot  
  125  8:30  Marine, Marauder  
  125  8:32  Marine x2  
  128  8:37  Factory Tech Lab  
  128  8:39  Marine x2  
  128  8:41  Factory  
  130  8:50  Command Center  
  130  8:51  Siege Tank, Marine  
  130  8:52  Marine x6  
  140  9:00  Supply Depot x2  
  140  9:01  Supply Depot  
  140  9:02  Medivac  
  142  9:04  Siege Tank  
  142  9:06  Missile Turret  
  145  9:18  Medivac  
  145  9:23  Siege Tank  
  145  9:24  Marine x3  
  151  9:25  Marine x4, Marauder  
  151  9:26  Factory Tech Lab  
  151  9:31  Supply Depot  
  159  9:33  Marine  
  159  9:36  Siege Tank, Medivac  
  165  9:41  Marine  
  165  9:42  Marine  
  166  9:46  Marauder  
  166  9:48  Medivac  
  166  9:50  Marine x5  
  166  9:51  Siege Tank  
  169  10:07  Marauder  
  169  10:08  Marine  
  169  10:09  Marine  
  169  10:11  Marine  
  158  10:18  Marine x5  
  158  10:20  Siege Tank x2  
  143  10:25  Marine  
  143  10:27  Marine  
  144  10:29  Marine, Marauder  
  144  10:30  SCV x3  
  149  10:36  Marine x2  
  149  10:39  Concussive Shells  
  149  10:41  Marine x3  
  149  10:42  SCV x2  
  156  10:43  SCV  
  156  10:45  Barracks x2  
  156  10:47  Barracks  
  156  10:48  Planetary Fortress  
  157  11:03  Siege Tank  
  160  11:05  Marine x8  
  160  11:10  Siege Tank  
  171  11:19  SCV x2  
  171  11:20  SCV  
  171  11:21  Refinery x2  
  171  11:27  Marauder  
  169  11:33  Marine x2  
  169  11:36  Marine  
  169  11:37  Marine x7, Barracks Tech Lab  
Tags
 
Add a new tag
Caveats
  • Supply blocks, unpowered buildings, or Contaminate may cause inaccurate times.
  • Supply counts are checked every 10 seconds.